 Dungeon Crawl Stone Soup version 0.28.0-49-g6dfe1f597d (webtiles) character file.

Game seed: 5028701735562521469

53 enile the Gusty (level 3, 0/21 HPs)
             Began as a Tengu Air Elementalist on May 12, 2022.
             Was a Follower of Nemelex Xobeh.
             Succumbed to an adder's poison
             ... on level 2 of the Dungeon.
             The game lasted 00:02:33 (1846 turns).

enile the Gusty (Tengu Air Elementalist)            Turns: 1846, Time: 00:02:34

Health: 0/21       AC:  2    Str:  8    XL:     3   Next: 89%
Magic:  2/8        EV: 13    Int: 17    God:    Nemelex Xobeh [*.....]
Gold:   23         SH:  0    Dex: 14    Spells: 1/7 levels left

rFire   . . .      SeeInvis .   (no weapon)
rCold   . . .      Faith    .   (no shield)
rNeg    . . .      Spirit   .   a - +0 robe
rPois   .          Reflect  .   (helmet restricted)
rElec   .          Harm     .   (no cloak)
rCorr   .          Rampage  .   (no gloves)
Will    .....                   (boots unavailable)
Stlth   ++........              (no amulet)
HPRegen 0.07/turn               (no ring)
MPRegen 0.11/turn               (no ring)

@: lethally poisoned (0 -> -11)
A: beak, talons 3
a: Renounce Religion, Draw Escape, Draw Destruction, Draw Summoning


You were on level 2 of the Dungeon.
You worshipped Nemelex Xobeh.
Nemelex Xobeh was aware of your devotion.
You visited 1 branch of the dungeon, and saw 2 of its levels.

You collected 23 gold pieces.

Inventory:

Armour
 a - a +0 robe (worn)
 d - a +1 leather armour of cold resistance
Scrolls
 c - a scroll of identify
 e - 2 scrolls of amnesia
 f - 2 scrolls of torment
 j - a scroll of summoning {unknown}
 k - a scroll of immolation {unknown}
 l - a scroll of enchant armour {unknown}
Potions
 b - a potion of might {unknown}
 g - 3 potions of curing {unknown}
 i - a potion of mutation {unknown}


   Skills:
 - Level 2.0 Fighting
 - Level 3.0 Dodging
 - Level 2.0 Stealth
 + Level 2.7 Spellcasting
 - Level 1.3 Conjurations
 - Level 4.0 Air Magic


You had one spell level left.
You knew the following spells:

 Your Spells              Type           Power      Damage    Failure   Level
a - Shock                 Conj/Air       44%        1d5       6%          1
b - Static Discharge      Conj/Air       11%        N/A       9%          2
c - Swiftness             Air            15%        N/A       11%         3

Your spell library contained the following spells:

 Spells                   Type           Power      Damage    Failure   Level
 Airstrike                Air            7%         N/A       34%         4


Dungeon Overview and Level Annotations

Branches:
Dungeon (2/15)

Altars:
Nemelex Xobeh


Innate Abilities, Weirdness & Mutations

You have a beak for a mouth.
You have claws for feet.


Message History

Casting: Shock (safe; 6% risk of failure)
Confirm with . or Enter, or press ? or * to list all spells.
Okay, then.
The adder misses you. The adder closely misses you.
The adder bites you but does no damage. The adder closely misses you.
Casting: Shock (safe; 6% risk of failure)
Confirm with . or Enter, or press ? or * to list all spells.
The adder is struck by an arc of lightning.
The adder is heavily wounded.
You are struck by an arc of lightning.
The lightning grounds out.
The adder barely misses you. The adder barely misses you.
You closely miss the adder. Your kick misses the adder.
The adder is heavily wounded.
The adder barely misses you.
You miss the adder. Your kick misses the adder.
The adder is heavily wounded.
The adder bites you.
You are poisoned.
The adder poisons you! The adder bites you.
You are lethally poisoned!
The adder poisons you!
You feel very sick.
You draw a card...
You have drawn Vitriol.
Press: ? - help, Shift-Dir - straight line, f - adder
Aim: an adder (heavily wounded)
The glob of acid misses the adder.
You feel sick. The adder bites you.
* * * LOW HITPOINT WARNING * * *
You are more poisoned.
The adder poisons you!
You draw a card...
You have drawn Pain.
Press: ? - help, Shift-Dir - straight line, f/p - adder
Aim: an adder (heavily wounded)
The adder convulses!
You die...
Your body disappears without a glow.

# #.##..†..^######...##### #.
#######.##...###....##.......###.
.........'...'.'....+...........>
##########...###....##..####.#.##
# #....##....##...# #.#.#
#....##....##.#.###.#.#
#....##....##'#..##.#.#
#....##.............#.#
#######+####@S...........#.# ...#
#.....###..........#.#
#.####.#######.###.......[..#
#.............<..+..........#
######'###....####..........#
#......#..................#.#
#......#..................#.#
#......#..................#.#
####<###..................#.##


You could see an adder.

Vanquished Creatures
  An adder (D:2)
  2 dart slugs (D:1)
  4 bats
  2 endoplasms
  A giant cockroach (D:1)
  6 hobgoblins
  2 kobolds
  2 quokkas
  3 ball pythons (D:1)
  4 frilled lizards (D:1)
  5 goblins
  5 rats
  A spectral goblin (D:1)
38 creatures vanquished.

Notes
Turn   | Place    | Note
-------+----------+-------------------------------------------
     0 | D:1      | enile the Tengu Air Elementalist began the quest for the
                  | Orb.
     0 | D:1      | Reached XP level 1. HP: 10/10 MP: 4/4
   124 | D:1      | Reached skill level 1 in Fighting
   208 | D:1      | Found a faded altar of an unknown god.
   263 | D:1      | Prayed at the altar of an unknown god.
   263 | D:1      | Became a worshipper of Nemelex Xobeh the Trickster
   263 | D:1      | Reached * piety under Nemelex Xobeh
   284 | D:1      | Reached XP level 2. HP: 16/16 MP: 4/6
   652 | D:1      | Reached XP level 3. HP: 21/21 MP: 0/7
   724 | D:1      | Received a gift from Nemelex Xobeh
   728 | D:1      | Learned a level 2 spell: Static Discharge
   749 | D:1      | Learned a level 3 spell: Swiftness
  1846 | D:2      | Succumbed to an adder's poison

Illustrated notes

Levels and vault maps discovered:
D:1:      wander_arrival_fairy_ring, layout_basic,
          dreamdust_ecumenical_altar_drowned_temple, st_stairs_11
D:2:      layout_basic, minmay_fractal_squares_5

Skill      XL: |  1  2  3 |
---------------+----------+-----
Fighting       | 1 2 |  2.0
Dodging        | 3 |  3.0
Stealth        | |  2.0
Spellcasting   | |  2.7
Conjurations   | |  1.3
Air Magic      | |  4.0

Action                   || total
-------------------------++-------
Melee: Unarmed           ||    23
       Kick              ||     7
       Peck              ||     2
       Punch             ||     1
 Cast: Shock             ||    77
       Static Discharge  ||     1
Invok: Draw Destruction  ||     2
  Use: Scroll            ||     3
Armor: Robe              ||     8
Dodge: Dodged            ||    24
